 Dungeon Crawl Stone Soup version 0.25.0-9-g26727b657a (webtiles) character file.

Game seed: 1217730062267939409

3383 Patate the Fighter (level 9, 0/101 HPs)
             Began as a Troll Hunter on June 19, 2020.
             Was a Believer of Makhleb.
             Slain by a vampire mosquito (12 damage)
             ... on level 9 of the Dungeon.
             The game lasted 00:17:26 (6575 turns).

Patate the Fighter (Troll Hunter)                   Turns: 6575, Time: 00:17:26

Health: 0/101      AC:  7    Str: 25    XL:     9   Next: 74%
Magic:  8/8        EV: 14    Int:  7    God:    Makhleb [**....]
Gold:   292        SH:  0    Dex: 10    Spells: 8/8 levels left

rFire    + . .     SeeInvis .     - Unarmed
rCold    . . .     Gourm    +   (no shield)
rNeg     . . .     Faith    .   b - +1 robe
rPois    .         Spirit   .   (helmet restricted)
rElec    .         Reflect  .   (no cloak)
rCorr    .         Harm     .   (gloves unavailable)
MR       .....                  (boots unavailable)
Stlth    +.........             (no amulet)
HPRegen  0.66/turn              a - +4 ring of evasion
MPRegen  0.11/turn              v - ring of protection from fire

@: no status effects
A: large, unfitting armour, claws 3, fast metabolism 3, gourmand, regeneration
1, shaggy fur 1, tough skin 3
a: Minor Destruction, Renounce Religion


You were on level 9 of the Dungeon.
You worshipped Makhleb.
Makhleb was pleased with you.
You were very full.

You visited 2 branches of the dungeon, and saw 10 of its levels.

You collected 292 gold pieces.

Inventory:

Missiles
 c - 10 large rocks
 d - 2 throwing nets (quivered)
 m - 13 boomerangs
Armour
 b - a +1 robe (worn)
Jewellery
 a - a +4 ring of evasion (left claw)
 v - a ring of protection from fire (right claw)
Wands
 r - a wand of paralysis (10)
Scrolls
 e - 2 scrolls of enchant weapon
 n - a scroll of remove curse
 o - a scroll of enchant armour
 t - a scroll of teleportation
 u - a scroll of identify
Potions
 g - a potion of heal wounds
 h - 3 potions of curing
 i - a potion of stabbing
 j - a potion of might
 k - a potion of brilliance
 l - 4 potions of invisibility
 p - a potion of mutation
 s - 2 potions of ambrosia
 x - a potion of cancellation {unknown}
 z - a potion of haste {unknown}
 A - a potion of degeneration {unknown}
Comestibles
 f - 13 rations
 w - a chunk of flesh


   Skills:
 * Level 10.1 Fighting
 - Level 3.7 Throwing
 - Level 1.5 Dodging
 - Level 0.7 Stealth
 - Level 7.0 Unarmed Combat


You had 8 spell levels left.
You didn't know any spells.
Your spell library was empty.

Dungeon Overview and Level Annotations

Branches:
Dungeon (9/15)             Temple (1/1) D:5            Lair (0/6) D:8
    Orc: D:9-12

Altars:
Ashenzari
Cheibriados
Dithmenos
Elyvilon
Fedhas
Gozag
Hepliaklqana
Kikubaaqudgha
Makhleb
Nemelex Xobeh
Okawaru
Qazlal
Ru
Sif Muna
Trog
Uskayaw
Vehumet
Wu Jian
Xom
Yredelemnul
Zin

Shops:
D:4 [

Annotations:
D:6 2 transporters, Jakers's ghost, novice NaVM


Innate Abilities, Weirdness & Mutations

You are too large for most types of armour.
You have claws for hands.
Your metabolism is lightning-fast.
You like to eat raw meat.
Your natural rate of healing is unusually fast.
You are covered in fur. (AC +1)
You have extremely tough skin. (AC +3)


Message History

The vampire mosquito draws strength from your injuries!
The vampire mosquito bites you.
* * * LOW HITPOINT WARNING * * *
The vampire mosquito draws strength from your injuries!
The vampire mosquito bites you!
* * * LOW HITPOINT WARNING * * *
The vampire mosquito draws strength from your injuries!
The vampire mosquito bites you but does no damage.
The vampire mosquito barely misses you.
The vampire mosquito bites you but does no damage. x2
The vampire mosquito closely misses you.
The vampire mosquito misses you.
As you read the scroll of fog, it crumbles to dust.
The scroll dissolves into smoke.
The vampire mosquito bites you but does no damage.
The vampire mosquito barely misses you. The vampire mosquito bites you.
* * * LOW HITPOINT WARNING * * *
The vampire mosquito draws strength from your injuries!
The vampire mosquito misses you. The vampire mosquito bites you!
You die...

#...............#
#.....YY........#
#................
##...............
#.....########## #
#.....####.....# .#
#.....Y........# ..#
#.......Yy§§...##...#
#........y@§........#
+........y§§..<.....+
#..##...##.....##...#
#.. ######))...# ..#
.... #......# ## ....
#......# ... #......+
#......# #......#


You could see 2 yaks and 3 vampire mosquitoes.

Vanquished Creatures
  A komodo dragon (D:8)
  A hippogriff (D:7)
  4 yaks (D:9)
  A vampire mosquito (D:9)
  An ice beast (D:8)
  2 orc warriors (D:8)
  2 phantoms
  An ogre (D:4)
  2 centaurs
  3 bullfrogs
  2 scorpions (D:8)
  6 howler monkeys
  3 crimson imps
  A centaur zombie (D:7)
  3 hounds
  2 bullfrog zombies
  2 orc priests
  A jelly (D:8)
  5 orc wizards
  A bullfrog skeleton (D:5)
  2 iguanas
  6 worker ants
  A killer bee zombie (D:4)
  A hound zombie (D:5)
  2 hound skeletons (D:8)
  7 adders
  2 shadow imps
  A worm (D:3)
  4 dart slugs
  2 leopard geckos
  25 orcs
  8 bats
  6 giant cockroaches
  13 goblins
  5 hobgoblins
  4 jackals (D:7)
  9 kobolds
  7 quokkas
  7 frilled lizards
  A leopard gecko skeleton (D:5)
  7 rats
164 creatures vanquished.

Vanquished Creatures (others)
  3 plants (D:8)
3 creatures vanquished.

Grand Total: 167 creatures vanquished

Notes
Turn   | Place    | Note
-------+----------+-------------------------------------------
     0 | D:1      | Patate the Troll Hunter began the quest for the Orb.
     0 | D:1      | Reached XP level 1. HP: 19/19 MP: 0/0
    73 | D:1      | Reached XP level 2. HP: 28/28 MP: 1/1
    93 | D:1      | Reached skill level 2 in Fighting
   664 | D:2      | Reached skill level 1 in Unarmed Combat
   712 | D:2      | Reached XP level 3. HP: 35/35 MP: 2/2
  1251 | D:2      | Found a sparkling altar of Nemelex Xobeh.
  1764 | D:3      | Reached XP level 4. HP: 41/44 MP: 3/3
  1806 | D:3      | Reached skill level 3 in Fighting
  1868 | D:3      | Found a bloodstained altar of Trog.
  2375 | D:4      | Found a blossoming altar of Fedhas.
  2415 | D:4      | Reached XP level 5. HP: 48/53 MP: 4/4
  2422 | D:4      | Noticed an ogre
  2431 | D:4      | Killed an ogre
  2431 | D:4      | Reached skill level 4 in Fighting
  2624 | D:4      | Found Aher's Antique Armour Shoppe.
  2673 | D:5      | Entered Level 5 of the Dungeon
  2696 | D:5      | Reached XP level 6. HP: 59/62 MP: 5/5
  2951 | D:5      | Found a staircase to the Ecumenical Temple.
  3025 | Temple   | Entered the Ecumenical Temple
  3046 | Temple   | Became a worshipper of Makhleb the Destroyer
  3378 | D:5      | Got a masterwork rapier
  3379 | D:5      | Identified the cursed +2 rapier "Zanaiq" {drain, Str+4}
                  | (You found it on level 5 of the Dungeon)
  3662 | D:6      | Found a hazy altar of Hepliaklqana.
  3716 | D:6      | Reached skill level 5 in Fighting
  3767 | D:6      | Found a transporter.
  3793 | D:6      | Reached XP level 7. HP: 34/72 MP: 6/6
  3893 | D:6      | Noticed Jakers's ghost (novice NaVM)
  4067 | D:6      | Found a transporter.
  4655 | D:7      | Reached skill level 6 in Fighting
  4725 | D:7      | You fall into a shaft and drop 1 floor!
  4748 | D:8      | Reached skill level 5 in Unarmed Combat
  4748 | D:8      | Reached XP level 8. HP: 45/84 MP: 7/7
  4985 | D:7      | Reached skill level 7 in Fighting
  5001 | D:7      | Reached * piety under Makhleb
  5029 | D:7      | Noticed a hippogriff
  5041 | D:7      | Killed a hippogriff
  5502 | D:7      | Reached skill level 8 in Fighting
  5702 | D:8      | Reached XP level 9. HP: 91/96 MP: 8/8
  5848 | D:8      | Found an ornate altar of the Wu Jian Council.
  6006 | D:8      | Found a staircase to the Lair.
  6007 | D:8      | Noticed a komodo dragon
  6075 | D:8      | Killed a komodo dragon
  6075 | D:8      | Reached skill level 9 in Fighting
  6549 | D:9      | Reached ** piety under Makhleb
  6555 | D:9      | Reached skill level 10 in Fighting
  6575 | D:9      | Slain by a vampire mosquito

Illustrated notes

Levels and vault maps discovered:
D:1:      dpeg_arrival_rooms_b, layout_basic, chequers_serial_rivers_micro_b
D:2:      cheibrodos_helix_gallery, layout_basic, first_ration,
          nemelex_lonely_heart_becter
D:3:      layout_rooms, trog_book
D:4:      layout_rooms, fedhas_altar_1, serial_shops, shop
D:5:      layout_cave_pods, minmay_temple_entry_poolview
D:6:      layout_gridville, lemuel_coloured_pillars_altar,
          gammafunk_ghost_stat_death, kennysheep_another_room
D:7:      layout_rooms
D:8:      layout_basic, lemuel_round_altar, david_lair_shrubbed
D:9:      layout_gridville, nicolae_tso_carved_into_rock, orc_0_dummy,
          serial_shops, nicolae_shop_overgrown_old_shop
Temple:   compressed_dpeg_circular_temple

Skill      XL: |  1  2  3  4  5  6  7  8  9 |
---------------+----------------------------+-----
Fighting       | 2 3 4 5 6 8 10 | 10.1
Unarmed Combat | 1 2 3 4 5 6 7 |  7.0
Throwing       | |  3.7
Dodging        | |  1.5
Stealth        | |  0.7

Action                   |  1- 3 |  4- 6 |  7- 9 || total
-------------------------+-------+-------+-------++-------
Melee: Unarmed           |   122 |   156 |   167 ||   445
       Punch             |       |     4 |     7 ||    11
       Rapier            |       |    41 |   132 ||   173
Throw: Large rock        |       |     2 |       ||     2
       Boomerang         |       |       |     5 ||     5
       Throwing net      |       |       |     2 ||     2
  Use: Scroll            |     5 |    10 |     8 ||    23
       Potion            |       |       |     2 ||     2
  Eat: Chunk             |    17 |    23 |    26 ||    66
Armor: Robe              |    39 |    77 |    99 ||   215
Dodge: Dodged            |   102 |   197 |   248 ||   547
